 Dungeon Crawl Stone Soup version 0.24-a0-520-g8fd06ad0bc (webtiles) character file.

Game seed: 2070094180515022515

16 Azzok the Skirmisher (level 2, 14/24 HPs)
             Began as a Demonspawn Fighter on July 23, 2019.
             Quit the game on level 1 of the Dungeon.
             The game lasted 00:00:26 (260 turns).

Azzok the Skirmisher (Demonspawn Fighter)            Turns: 260, Time: 00:00:27

Health: 14/24      AC:  6    Str: 16    XL:     2   Next: 37%
Magic:  2/2        EV:  6    Int:  9    God:
Gold:   0          SH:  8    Dex: 12    Spells: 1/1 levels left

rFire    . . .     SeeInvis .   a - +0 war axe
rCold    . . .     Gourm    .   c - +0 shield
rNeg     . . .     Faith    .   b - +0 scale mail
rPois    .         Spirit   .   (helmet restricted)
rElec    .         Reflect  .   (no cloak)
rCorr    .         Harm     .   (no gloves)
MR       .....                  (no boots)
Stlth    ..........             (no amulet)
HPRegen  0.08/turn              (no ring)
MPRegen  0.08/turn              (no ring)

@: no status effects
A: horns 1
a: no special abilities


You were on level 1 of the Dungeon.
You were not hungry.

You visited 1 branch of the dungeon, and saw 1 of its levels.

Inventory:

Hand Weapons
 a - a +0 war axe (weapon)
Armour
 b - a +0 scale mail (worn)
 c - a +0 shield (worn)
Scrolls
 e - a scroll of enchant armour {unknown}
 h - a scroll of remove curse {unknown}
Potions
 d - 2 potions of might
Comestibles
 f - 2 rations
 g - 2 chunks of flesh


   Skills:
 - Level 3.0 Fighting
 + Level 2.8 Axes
 - Level 2.6 Armour
 - Level 2.6 Shields


You had one spell level left.
You didn't know any spells.
Your spell library was empty.

Dungeon Overview and Level Annotations

Branches:
Dungeon (1/15)

Altars:


Innate Abilities, Weirdness & Mutations

You have a pair of small horns on your head.


Message History

You closely miss the giant cockroach. The hobgoblin hits you with a +0 club.
You block the giant cockroach's attack. You block the hobgoblin's attack.
The giant cockroach barely misses you.
Your shield and scale mail prevent you from hitting the hobgoblin.
Your headbutt misses the hobgoblin.
The hobgoblin is heavily wounded.
You hit the giant cockroach.
You kill the giant cockroach!
The hobgoblin hits you but does no damage.
You barely miss the hobgoblin. Your headbutt misses the hobgoblin.
The hobgoblin is heavily wounded.
The hobgoblin hits you but does no damage.
You hit the hobgoblin. Your headbutt misses the hobgoblin.
The hobgoblin is severely wounded.
The hobgoblin barely misses you. You block the hobgoblin's attack.
You slash the hobgoblin!
You kill the hobgoblin!
Things that are here:
a +0 club; a hobgoblin corpse; a jackal corpse Are you sure you want to abandon this character and quit the game? (Confirm with "yes".)

▒·▒ ··▒ ▒·▒ ▒····
▒▒··▒▒▒▒▒▒▒▒▒▒·▒
▒··· ·
··········[···
▒▒···▒▒·
▒▒▒▒▒▒▒····▒▒·
·····▒··
▒····▒▒▒▒▒·
······▒▒▒▒▒▒·▒▒▒▒
▒▒▒· ▒·········▒
▒···
▒▒▒···▒▒▒▒▒▒▒
▒··· ▒···@▒▒▒▒
▒··· ▒·▒†····▒
▒··· ·· ▒▒▒···▒
▒··· ▒▒ ▒···▒
▒[·· ▒···▒ ▒▒▒▒
▒···▒ ▒···▒ ▒··÷▒
▒···▒


There were no monsters in sight!

Vanquished Creatures
  A leopard gecko (D:1)
  A bat (D:1)
  A giant cockroach (D:1)
  2 goblins (D:1)
  3 hobgoblins (D:1)
  3 jackals (D:1)
11 creatures vanquished.

Notes
Turn   | Place    | Note
-------+----------+-------------------------------------------
     0 | D:1      | Azzok the Demonspawn Fighter began the quest for the Orb.
     0 | D:1      | Reached XP level 1. HP: 18/18 MP: 1/1
   246 | D:1      | Gained mutation: You have a pair of small horns on your
                  | head. [demonic ancestry]
   246 | D:1      | Reached XP level 2. HP: 24/24 MP: 2/2
   260 | D:1      | Quit the game

Levels and vault maps discovered:
D:1:      ncdulo_halloftheorcs, layout_rooms

Skill      XL: |  1 |
---------------+----+-----
Axes           | 2 |  2.8
Fighting       | |  3.0
Armour         | |  2.6
Shields        | |  2.6

Action                   || total
-------------------------++-------
Melee: War axe           ||    32
       Headbutt          ||     1
Armor: Scale mail        ||    24
Dodge: Dodged            ||    11
Block: Shield            ||    22

Table legend:
 A = Non-vault XP
 B = Vault XP
 C = Vault XP percentage of total XP
 D = Non-vault monster count
 E = Vault monster count
 F = Vault count percentage of total count
                 A         B        C        D         E       F
            +---------+---------+-------+---------+---------+-------
      Total |      23 |       0 |   0.0 |      11 |       0 |   0.0
            +---------+---------+-------+---------+---------+-------
        D:1 |      23 |       0 |   0.0 |      11 |       0 |   0.0
            +---------+---------+-------+---------+---------+-------
